 Dungeon Sprint DCSS version 0.31-a0-1576-ga3383bade6 (webtiles) character file.

Game seed: 1654584724397457318

7031 sircluck the Grappler (level 10, -6/175 HPs)
             Began as a Troll Berserker on Jan 4, 2024.
             Was the Champion of Trog.
             Mangled by Urug
             ... wielding a +1 vampiric glaive
              (31 damage)
             ... in the Dungeon (Sprint III: "The Ten Rune Challenge").
             The game lasted 00:05:04 (1538 turns).

sircluck the Grappler (Troll Berserker)             Turns: 1538, Time: 00:05:04

Health: -6/175     AC:  7    Str: 30    XL:     10   Next: 82%
Magic:  9/9        EV: 14    Int:  0    God:    Trog [******]
Gold:   2121       SH:  0    Dex: 13    Spells: 9/9 levels left

rFire   + .          .
                       - Unarmed
rCold   . . .        (no shield)
rNeg    . . .        o - +1 troll leather armour {Snorg}
rPois   .            (helmet restricted)
rElec   .            (no cloak)
rCorr   .            (gloves unavailable)
SInv    .            (boots unavailable)
Will    .....        (no amulet) Stlth
                     (no ring)
HPRegen 2.09/turn    (no ring)
MPRegen 0.11/turn

%: no teleportation
@: berserking (expiring), slowed, lost intelligence, unable to read
A: large, unfitting armour, claws 3, regeneration 1, shaggy fur 1, tough skin 1,
agile 1, dopey 1, fire resistance 1
a: Renounce Religion, Berserk, Trog's Hand, Brothers in Arms


You were in the Dungeon.
You worshipped Trog.
Trog was exalted by your worship.
You visited 1 branch You collected 2121 gold pieces.

Inventory:

Armour
 a - a +0 animal skin
 h - a +1 robe of resistance
 o - a +1 troll leather armour (worn) {Snorg}
Scrolls
 g - a scroll of blinking
 j - a scroll of torment {unknown}
 k - 4 scrolls of identify
 n - a scroll of poison {unknown}
Potions
 b - a potion of curing
 c - a potion of heal wounds
 d - a potion of haste
 e - 2 potions of magic
 f - a potion of berserk rage
 m - a potion of cancellation {unknown}
Miscellaneous
 i - a sack of spiders


   Skills:
 + Level 12.3 Fighting
 + Level 8.4 Armour
 + Level 12.3 Dodging
 + Level 14.4 Unarmed Combat


You had 9 spell levels left.
You didn't know any spells.
Your spell library was empty.

Dungeon Overview and Level Annotations

Branches:
Dungeon (1/1)

Altars:
Cheibriados
Dithmenos
Elyvilon
Fedhas
Gozag
Hepliaklqana
Kikubaaqudgha
Makhleb
Nemelex Xobeh
Okawaru
Qazlal
Ru
Sif Muna
Trog
Uskayaw
Vehumet
Wu Jian
Xom
Yredelemnul
Zin
The Shining One
Jiyva
Lugonu

Shops:
D (

Annotations:
D Urug


Innate Abilities, Weirdness & Mutations

You are too large for most types of armour.
You have claws for hands.
Your natural rate of healing is unusually fast.
You are covered in fur. (AC +1)
You have tough skin. (AC +1)
You are agile. (Dex +4, Str/Int -1)
You are dopey. (Int -2)
Your flesh is heat resistant. (rF+)


Message History

You swap places.
You feel sick. Urug completely misses you.
Your cyclops barely misses Urug.
Unknown command.
You feel sick. Something hits your cyclops!!
Your cyclops hits Urug but does no damage.
You feel sick.
Urug hits your cyclops with a +1 vampiric glaive!!
Your cyclops hits Urug!
You feel much better.
You feel sick.
You are no longer poisoned.
Urug hits your cyclops with a +1 vampiric glaive!!
Your cyclops dies!
Your cyclops's corpse disappears in a puff of smoke!
Unknown command.
A red film seems to cover your vision as you go berserk!
You feel yourself moving faster!
You feel mighty! Urug barely misses you.
You feel a strong urge to attack something.
Urug hits you with a +1 vampiric glaive!
* * * LOW HITPOINT WARNING * * *
Urug draws strength from your wounds!
You claw Urug!
Urug is heavily wounded.
Urug hits you with a +1 vampiric glaive!
* * * LOW HITPOINT WARNING * * *
Urug draws strength from your wounds!
You claw Urug!
Urug is severely wounded.
Urug hits you with a +1 vampiric glaive!!
* * * LOW HITPOINT WARNING * * *
Urug draws strength from your wounds!
You miss Urug.
Urug is heavily wounded.
You barely miss Urug.
Urug is heavily wounded.
Urug closely misses you.
You claw Urug!
Urug is severely wounded.
Urug hits you with a +1 vampiric glaive!!
You die...
Urug screams, "Revenge at last!"

###....#___#__'...#.#§.§#...#...#
▓▓▓▓▓▓▓▓▓▓▓▓▓▓▓▓▓▓▓▓▓▓▓▓▓▓▓▓▓▓▓▓#
~.~~♣♣.....♣♣♣♣)~~........~~~...#
§~~~♣♣.≈≈≈≈'♣♣'♣≈≈≈≈≈≈≈≈≈≈≈≈♣♣P.'
§.~≈~†.)†..#.~♣♣♣♣♣♣♣♣♣♣♣♣♣♣♣♣PP#
§~~.♣♣♣♣♣♣♣#..♣♣ ♣♣♣# .§≈~♣
###†♣♣♣♣♣ ##### ♣♣♣♣.##o.##
♣...##@##.# ♣♣.##.##†##
♣..#.##o..# ♣♣.##†##..# ♣♣.##)#
### ♣.....# #######


You could see Urug.

Vanquished Creatures
  Snorg (D)
  A centaur warrior (D)
  A lindwurm (D)
  A deep elf pyromancer (D)
  2 cane toads (D)
  A komodo dragon (D)
  An unseen horror (D)
  A rime drake (D)
  2 tyrant leeches (D)
  5 blink frogs (D)
  A shadow (D)
  3 wandering mushrooms (D)
  3 redbacks (D)
  A spatial vortex (D)
  2 orc warriors (D)
  A swamp drake (D)
  2 centaurs (D)
  An earth elemental (D)
  A water elemental (D)
  A necrophage (D)
  A jelly (D)
  An arcanist (D)
  An orc priest (D)
  Jessica (D)
  4 orc wizards (D)
  A necromancer (D)
  3 humans (D)
  A kobold demonologist (D)
  A phantom (D)
  10 orcs (D)
  A goblin (D)
  3 rats (D)
60 creatures vanquished.

Notes
Turn   | Place    | Note
-------+----------+-------------------------------------------
     0 | D        | sircluck the Troll Berserker began the quest for the Orb.
     0 | D        | Reached XP level 1. HP: 22/22 MP: 0/0
    26 | D        | Reached ** piety under Trog
    28 | D        | Noticed Jessica
    31 | D        | Killed Jessica
    32 | D        | Reached skill level 4 in Unarmed Combat
    32 | D        | Reached XP level 2. HP: 32/32 MP: 1/1
    60 | D        | Reached XP level 3. HP: 12/39 MP: 2/2
    62 | D        | Reached *** piety under Trog
    63 | D        | Reached skill level 5 in Unarmed Combat
    79 | D        | Gained mutation: Your health recovers twice as slowly from
                  | being drained. [potion of mutation]
    79 | D        | Gained mutation: You are strong-willed. (Will+) [potion of
                  | mutation]
    80 | D        | Lost mutation: You are strong-willed. (Will+) [potion of
                  | mutation]
    80 | D        | Lost mutation: Your health recovers twice as slowly from
                  | being drained. [potion of mutation]
    80 | D        | Gained mutation: You are frail. (-10% HP) [potion of
                  | mutation]
    80 | D        | Gained mutation: You are clumsy. (Dex -2) [potion of
                  | mutation]
    81 | D        | Lost mutation: You are frail. (-10% HP) [potion of
                  | mutation]
    81 | D        | Lost mutation: You are clumsy. (Dex -2) [potion of
                  | mutation]
    81 | D        | Gained mutation: Your body sometimes deteriorates upon
                  | taking damage. [potion of mutation]
    82 | D        | Lost mutation: Your body sometimes deteriorates upon taking
                  | damage. [potion of mutation]
    82 | D        | Gained mutation: You occasionally lose the ability to drink
                  | potions when taking damage. [potion of mutation]
    82 | D        | Gained mutation: You are partially covered in iridescent
                  | scales. (AC +2) [potion of mutation]
    83 | D        | Lost mutation: You are partially covered in iridescent
                  | scales. (AC +2) [potion of mutation]
    83 | D        | Lost mutation: You occasionally lose the ability to drink
                  | potions when taking damage. [potion of mutation]
    83 | D        | Gained mutation: Your flesh is cold resistant. (rC+)
                  | [potion of mutation]
    83 | D        | Gained mutation: Armour fits poorly on your strangely
                  | shaped body. [potion of mutation]
    84 | D        | Lost mutation: Armour fits poorly on your strangely shaped
                  | body. [potion of mutation]
    84 | D        | Lost mutation: Your flesh is cold resistant. (rC+) [potion
                  | of mutation]
    84 | D        | Gained mutation: Your flesh is heat resistant. (rF+)
                  | [potion of mutation]
    84 | D        | Gained mutation: You are agile. (Dex +4, Str/Int -1)
                  | [potion of mutation]
    84 | D        | Lost intelligence.
    84 | D        | Gained mutation: You are dopey. (Int -2) [potion of
                  | mutation]
   192 | D        | Noticed a water elemental
   197 | D        | Killed a water elemental
   198 | D        | Reached skill level 5 in Fighting
   198 | D        | Reached skill level 5 in Dodging
   198 | D        | Reached skill level 6 in Unarmed Combat
   198 | D        | Reached XP level 4. HP: 43/50 MP: 3/3
   348 | D        | Found a radiant altar of Vehumet.
   348 | D        | Found a shimmering blue altar of Sif Muna.
   348 | D        | Found an ancient bone altar of Kikubaaqudgha.
   348 | D        | Noticed an arcanist
   350 | D        | Killed an arcanist
   351 | D        | Reached XP level 5. HP: 57/57 MP: 4/4
   366 | D        | Reached **** piety under Trog
   409 | D        | Noticed a shadow
   413 | D        | Killed a shadow
   414 | D        | Reached skill level 8 in Unarmed Combat
   414 | D        | Reached XP level 6. HP: 44/68 MP: 5/5
   456 | D        | Found a blossoming altar of Fedhas.
   456 | D        | Found a stormy altar of Qazlal.
   456 | D        | Found a snail-covered altar of Cheibriados.
   456 | D        | Found a burning altar of Makhleb.
   456 | D        | Found a shimmering altar of Xom.
   457 | D        | Found a hazy altar of Hepliaklqana.
   457 | D        | Found an opulent altar of Gozag.
   457 | D        | Found a sparkling altar of Nemelex Xobeh.
   457 | D        | Found a corrupted altar of Lugonu.
   457 | D        | Found a viscous altar of Jiyva.
   457 | D        | Noticed a spatial vortex
   467 | D        | Killed a spatial vortex
   468 | D        | Reached skill level 9 in Unarmed Combat
   484 | D        | Noticed Snorg
   493 | D        | Killed Snorg
   494 | D        | Reached skill level 10 in Unarmed Combat
   494 | D        | Reached XP level 7. HP: 36/83 MP: 6/6
   494 | D        | Reached XP level 8. HP: 40/92 MP: 7/7
   565 | D        | Found a basalt altar of Yredelemnul.
   565 | D        | Found a shadowy altar of Dithmenos.
   565 | D        | Found a sacrificial altar of Ru.
   567 | D        | Reached ***** piety under Trog
   570 | D        | Reached skill level 1 in Armour
   579 | D        | Found a hide-covered altar of Uskayaw.
   579 | D        | Found an iron altar of Okawaru.
   579 | D        | Found a bloodstained altar of Trog.
   579 | D        | Found an ornate altar of the Wu Jian Council.
   584 | D        | Reached skill level 11 in Unarmed Combat
   593 | D        | Found a glowing silver altar of Zin.
   593 | D        | Found a glowing golden altar of the Shining One.
   593 | D        | Found a white marble altar of Elyvilon.
   593 | D        | Noticed a deep elf pyromancer
   599 | D        | Killed a deep elf pyromancer
   599 | D        | Received a gift from Trog
   600 | D        | Reached skill level 10 in Fighting
   651 | D        | Noticed a centaur warrior
   655 | D        | Killed a centaur warrior
   656 | D        | Reached skill level 10 in Dodging
   656 | D        | Reached skill level 12 in Unarmed Combat
   656 | D        | Reached XP level 9. HP: 102/102 MP: 8/8
   658 | D        | Reached skill level 5 in Armour
   807 | D        | Killed an unseen horror
   812 | D        | Noticed a wandering mushroom
   817 | D        | Noticed a wandering mushroom
   819 | D        | Noticed a wandering mushroom
   842 | D        | Noticed a cane toad
   842 | D        | Noticed a komodo dragon
   842 | D        | Noticed a cane toad
   845 | D        | Killed a cane toad
   845 | D        | Received a gift from Trog
   846 | D        | Reached skill level 13 in Unarmed Combat
   847 | D        | Killed a cane toad
   848 | D        | Reached XP level 10. HP: 114/114 MP: 9/9
  1028 | D        | Reached ****** piety under Trog
  1044 | D        | Received a gift from Trog
  1275 | D        | Received a gift from Trog
  1279 | D        | Reached skill level 14 in Unarmed Combat
  1297 | D        | Found Qim Ymyu's Weapon Boutique.
  1305 | D        | Received a gift from Trog
  1477 | D        | Noticed a lindwurm
  1484 | D        | Killed a lindwurm
  1487 | D        | Received a gift from Trog
  1524 | D        | Noticed Urug
  1527 | D        | HP: 1/117 [Urug/+1 vampiric glaive (11)]
  1538 | D        | Mangled by Urug

Illustrated notes

Levels and vault maps discovered:
D:        dungeon_sprint_mu [sprint_mu_entry_cave, sprint_mu_temple_rooms,
          sprint_mu_d1_horrors, sprint_mu_d2_genie, sprint_mu_d3_branching,
          sprint_mu_orc_legion, sprint_mu_elf_gauntlet, sprint_mu_hive_nellie,
          sprint_mu_lair_fedhas, sprint_mu_vaults_butterflies,
          sprint_mu_slime_circle, sprint_mu_swamp_cave, sprint_mu_snake_twists,
          sprint_mu_blade_basic, sprint_mu_crypt_lich, sprint_mu_tomb_spiral,
          sprint_mu_vestibule_basic, sprint_mu_gehenna_hellfire,
          sprint_mu_dis_giant, sprint_mu_tartarus_statrot,
          sprint_mu_cocytus_islands, sprint_mu_zot1]

Skill      XL: |  1  2  3  4  5  6  7  8  9 10 |
---------------+-------------------------------+-----
Fighting       | 3 4 5 6 9 10 11 12 | 12.3
Dodging        | 3 4 5 6 9 10 11 12 | 12.3
Unarmed Combat | 4 6 8 10 12 13 14 | 14.4
Armour         | 4 6 8 |  8.4

Action                     |  1- 3 |  4- 6 |  7- 9 | 10-12 || total
---------------------------+-------+-------+-------+-------++-------
  Melee: Unarmed           |    20 |    38 |    43 |    89 ||   190
         Punch             |     1 |     1 |     7 |     2 ||    11
 Invoke: Berserk           |     1 |     1 |     2 |     1 ||     5
         Brothers in Arms  |       |       |       |     1 ||     1
    Use: Potion            |     6 |       |     1 |     1 ||     8
 Armour: Animal skin       |     1 |       |       |       ||     1
         Robe              |    14 |    47 |       |       ||    61
         Troll leather arm |       |       |    42 |    97 ||   139
  Dodge: Dodged            |     7 |    43 |    29 |    83 ||   162

Table legend: (Time is in decaauts)
 A = Elapsed time spent in this place.
 B = Non-inter-level travel time spent in this place.
 C = Inter-level travel time spent in this place.
 D = Time resting spent in this place.
 E = Time spent auto-exploring this place.
 F = Levels seen in this place.
 G = Mean time per level.
                   A        B        C        D        E       F      G
               +--------+--------+--------+--------+--------+-----+--------+
         Total |   2188 |   1983 |    205 |   1138 |     64 |   1 | 2188.0 |
       Dungeon |   2188 |   1983 |    205 |   1138 |     64 |   1 | 2188.0 |
               +--------+--------+--------+--------+--------+-----+--------+

Top non-repeatable levels by time:
       D: 2188 daAuts
